 Dungeon Crawl Stone Soup version 0.31-a0-182-gc5ef74bbde (webtiles) character file.

Game seed: 10797523026645414106

484 qw the Chopper (level 7, -2/43 HPs)
             Began as a Gargoyle Fighter on June 20, 2023.
             Slain by a hornet (4 damage)
             ... on level 5 of the Dungeon.
             The game lasted 00:01:45 (3355 turns).

qw the Chopper (Gargoyle Fighter)                   Turns: 3355, Time: 00:01:45

Health: -2/43      AC: 20    Str: 27    XL:     7   Next: 12%
Magic:  0/7        EV:  7    Int:  9    God:
Gold:   182        SH:  4    Dex:  9    Spells: 6/6 levels left

rFire   . . .        Y - +0 war axe
rCold   + . .        c - +0 buckler
rNeg    + . .        k - +0 plate armour
rPois   inf          e - +0 helmet
rElec   +            (no cloak)
rCorr   .            q - +1 pair of gloves
SInv    .            (no boots)
Will    +....        i - amulet of guardian spirit Stlth
                     a - ring "Vyiqeng" {rC+ Str+6}
HPRegen 0.27/turn    l - ring of willpower
MPRegen 0.10/turn

%: guardian spirit
@: no status effects
A: sickness immunity, AC +4, negative energy resistance 1, electricity
resistance, torment resistance 1, petrification resistance
a: no special abilities


You were on level 5 of the Dungeon.
You visited 1 branch of the dungeon, and saw 5 of its levels.

You collected 182 gold pieces.


Innate Abilities, Weirdness & Mutations

You are immune to sickness and miasma.
Your stone body is resilient. (AC +4)
You are immune to poison.
You resist negative energy. (rN+)
You are resistant to electric shocks. (rElec)
You are resistant to unholy torment.
You are immune to petrification.


   Skills:
 - Level 4.0 Fighting
 - Level 6.1 Axes
 - Level 4.2 Armour
 + Level 0.0 Dodging
 - Level 3.2 Shields


You had 6 spell levels left.
You didn't know any spells.
Your spell library was empty.

Inventory:

Hand Weapons
 m - a +0 flail
 Y - a +0 war axe (weapon)
Armour
 c - a +0 buckler (worn)
 e - a +0 helmet (worn)
 k - a +0 plate armour (worn)
 q - a +1 pair of gloves (worn)
Jewellery
 a - the ring "Vyiqeng" (left hand) {rC+ Str+6}
   (You acquired it on level 1 of the Dungeon)

   [ring of strength]

   Str:       It affects your strength (+6).
   rC:        It protects you from cold.
 i - an amulet of guardian spirit (around neck)
 l - a ring of willpower (right hand)
Scrolls
 n - a scroll of identify
Potions
 b - a potion of lignification {unknown}
 d - 2 potions of might
 f - a potion of resistance
 g - a potion of enlightenment {unknown}
 h - a potion of heal wounds {unknown}
 j - a potion of haste

Dungeon Overview and Level Annotations

Branches:
Dungeon (5/15)
 Temple: D:4-7

Altars:
Trog
Uskayaw
The Shining One

Shops:
D:3 [=   D:5 =

Annotations:
D:3 1 runed translucent door, qw's ghost, amateur GrFi
D:5 3 runed translucent doors, qw's ghost, novice GrFi


Message History

The hornet buzzes angrily.
You slash the scorpion!
The scorpion is severely wounded.
The scorpion closely misses you.
You hit the scorpion.
You kill the scorpion!
Your Armour skill increases to level 4!
You have reached level 7!
You barely miss the hornet. The hornet stings you! x2
You hit the hornet but do no damage.
The hornet stings you but does no damage.
The hornet stings you.
You slash the hornet!
The hornet is moderately wounded.
The hornet stings you.
You slash the hornet!
The hornet is severely wounded.
The hornet stings you! The hornet stings you.
You closely miss the hornet.
The hornet is severely wounded.
The hornet completely misses you. The hornet barely misses you.
You barely miss the hornet.
The hornet is severely wounded.
The hornet stings you but does no damage.
You block the hornet's attack.
You closely miss the hornet.
The hornet is severely wounded.
The hornet barely misses you.
The hornet stings you but does no damage.
You barely miss the hornet.
The hornet is heavily wounded.
The hornet stings you but does no damage.
You barely miss the hornet.
The hornet is heavily wounded.
The hornet stings you but does no damage.
The hornet stings you!
You closely miss the hornet.
The hornet is heavily wounded.
The hornet barely misses you. The hornet stings you.
You die...

..o#.#..#####
.##Wo#......#
.8#oo#..#####
.##oo#..#
....o#..#
######8.#
#############.#
..........# #.#
......%@#.###.#
........y.....#
.#######..\...#
#......+
#......#
#........
#.......##
#.......#
#.......#


You could see a hornet.

Vanquished Creatures
  Sigmund (D:3)
  2 scorpions
  A jelly (D:4)
  An iguana (D:4)
  4 adders
  3 gnolls (D:2)
  An ufetubus (D:4)
  A worm (D:2)
  3 dart slugs
  An orc (D:5)
  3 bats
  8 endoplasms
  2 giant cockroaches
  6 goblins
  13 hobgoblins
  3 jackals (D:3)
  5 quokkas
  10 ball pythons
  A frilled lizard (D:1)
  9 kobolds
  2 rats
80 creatures vanquished.

Notes
Turn   | Place    | Note
-------+----------+-------------------------------------------
     0 | D:1      | qw the Gargoyle Fighter began the quest for the Orb.
     0 | D:1      | Reached XP level 1. HP: 14/14 MP: 1/1
     0 | D:1      | 0 ||| qw: Version: 0.3-a-9-g12657ce
     0 | D:1      | 0 ||| qw: Game counter: 1351
     0 | D:1      | 0 ||| qw: Always use a shield: true
     0 | D:1      | 0 ||| qw: God list: Okawaru
     0 | D:1      | 0 ||| qw: Allow faded altars: false
     0 | D:1      | 0 ||| qw: Do Orc after D:15 true
     0 | D:1      | 0 ||| qw: Do second Lair branch before Depths: true
     0 | D:1      | 0 ||| qw: Lair rune preference: random
     0 | D:1      | 0 ||| qw: Plans: Normal, Zot:1-4, Slime:5, God:TSO, Crypt,
                  | Tomb, Abyss, Pan, Hells, Win
     0 | D:1      | 0 ||| PLANNING D:1-11
    35 | D:1      | Reached skill level 2 in Axes
   105 | D:1      | Reached XP level 2. HP: 19/19 MP: 2/2
   315 | D:1      | 315 ||| Stepping ~*~*~tactically~*~*~ (stealth).
   347 | D:1      | 347 ||| UPGRADING to amulet of guardian spirit.
   354 | D:1      | Reached skill level 3 in Axes
   354 | D:1      | 354 ||| READING scroll labelled XOMEAZA VOUMI.
   356 | D:1      | 356 ||| READING scroll labelled JAZYTSOSKEO.
   396 | D:1      | 396 ||| READING scroll labelled XEZXAN KYCS.
   396 | D:1      | Identified a scroll of acquirement
   396 | D:1      | 396 ||| ACQUIRING ring "Vyiqeng" {rC+ Str+6}
   396 | D:1      | Acquired the ring "Vyiqeng" {rC+ Str+6}
   398 | D:1      | 398 ||| UPGRADING to ring "Vyiqeng" {rC+ Str+6}.
   402 | D:1      | Reached XP level 3. HP: 23/23 MP: 3/3
   635 | D:1      | 635 ||| DRINKING 2 smoky red potions.
   699 | D:2      | 699 ||| Stepping ~*~*~tactically~*~*~ (hiding).
  1011 | D:2      | 1011 ||| Stepping ~*~*~tactically~*~*~ (hiding).
  1139 | D:2      | Reached XP level 4. HP: 23/28 MP: 4/4
  1140 | D:2      | Reached skill level 4 in Axes
  1169 | D:2      | 1169 ||| DROPPING +0 mace.
  1356 | D:2      | 1356 ||| Stepping ~*~*~tactically~*~*~ (hiding).
  1546 | D:2      | 1546 ||| UPGRADING to +0 helmet.
  1551 | D:2      | 1551 ||| UPGRADING to +0 chain mail.
  1561 | D:2      | 1561 ||| DROPPING +0 scale mail.
  1562 | D:2      | 1562 ||| UPGRADING to ring of willpower.
  1563 | D:2      | 1563 ||| READING scroll labelled IQIBRE BUCAT.
  1568 | D:2      | 1568 ||| READING scroll labelled QYGYJYZXUWUC.
  1569 | D:2      | 1569 ||| DRINKING 2 pink potions.
  1570 | D:2      | 1570 ||| DROPPING potion of brilliance.
  1654 | D:3      | Found Hieb's Armour Emporium.
  1661 | D:3      | 1661 ||| SHOPLISTING +1 ring mail of cold resistance (208
                  | gold, have 100).
  1661 | D:3      | 1661 ||| SHOPLISTING +2 chain mail of poison resistance
                  | (240 gold, have 100).
  1699 | D:3      | Noticed Sigmund
  1707 | D:3      | Killed Sigmund
  1708 | D:3      | Reached skill level 5 in Axes
  1708 | D:3      | Reached XP level 5. HP: 30/32 MP: 3/5
  1708 | D:3      | Reached XP level 6. HP: 35/37 MP: 3/6
  1778 | D:3      | Found a runed translucent door.
  1795 | D:3      | Noticed qw's ghost (amateur GrFi)
  1824 | D:3      | Found a faded altar of an unknown god.
  1832 | D:3      | Found a bloodstained altar of Trog.
  1878 | D:3      | Found a glowing golden altar of the Shining One.
  1949 | D:3      | 1949 ||| Stepping ~*~*~tactically~*~*~ (hiding).
  1952 | D:3      | 1952 ||| Stepping ~*~*~tactically~*~*~ (hiding).
  2201 | D:3      | Found Etusk's Jewellery Shoppe.
  2209 | D:3      | 2209 ||| SHOPLISTING +5 ring of evasion (504 gold, have
                  | 133).
  2209 | D:3      | 2209 ||| SHOPLISTING +6 ring of dexterity (504 gold, have
                  | 133).
  2209 | D:3      | 2209 ||| SHOPLISTING ring of fire (350 gold, have 133).
  2209 | D:3      | 2209 ||| SHOPLISTING ring of protection from cold (350
                  | gold, have 133).
  2209 | D:3      | 2209 ||| SHOPLISTING ring of protection from fire (350
                  | gold, have 133).
  2448 | D:3      | 2448 ||| UPGRADING to +0 plate armour.
  2458 | D:3      | 2458 ||| DROPPING +0 chain mail.
  2459 | D:3      | 2459 ||| UPGRADING to +1 pair of gloves.
  2464 | D:3      | 2464 ||| DRINKING 2 viscous black potions.
  2465 | D:3      | 2465 ||| DRINKING 2 smoky orange potions.
  2466 | D:3      | 2466 ||| DROPPING potion of invisibility.
  2561 | D:4      | Reached skill level 6 in Axes
  3005 | D:4      | 3005 ||| Stepping ~*~*~tactically~*~*~ (stealth).
  3011 | D:4      | 3011 ||| Stepping ~*~*~tactically~*~*~ (stealth).
  3069 | D:4      | Found a hide-covered altar of Uskayaw.
  3277 | D:4      | 3277 ||| DROPPING orb of energy.
  3278 | D:4      | 3278 ||| READING 3 scrolls labelled OLESAGHAFI.
  3279 | D:4      | 3279 ||| DROPPING 2 scrolls of fog.
  3290 | D:5      | Entered Level 5 of the Dungeon
  3291 | D:5      | 3291 ||| PLANNING SEWER
  3303 | D:5      | Found a runed translucent gate.
  3305 | D:5      | Found a runed translucent gate.
  3315 | D:5      | Found a runed translucent gate.
  3316 | D:5      | Noticed qw's ghost (novice GrFi)
  3316 | D:5      | Noticed an orc warrior
  3316 | D:5      | Identified the +1 leather armour "Ziekhlus" {Int+4}
  3331 | D:5      | Found Uhug's Jewellery Emporium.
  3336 | D:5      | 3336 ||| SHOPLISTING +6 ring of dexterity (468 gold, have
                  | 182).
  3336 | D:5      | 3336 ||| SHOPLISTING amulet of the acrobat (390 gold, have
                  | 182).
  3336 | D:5      | 3336 ||| SHOPLISTING ring "Emomoy" {Will+ Str+3 Int+3} (579
                  | gold, have 182).
  3336 | D:5      | 3336 ||| SHOPLISTING ring "Urrus" {EV+5 Dex+3} (640 gold,
                  | have 182).
  3336 | D:5      | 3336 ||| SHOPLISTING ring of fire (325 gold, have 182).
  3342 | D:5      | Noticed a hornet
  3345 | D:5      | Reached XP level 7. HP: 43/43 MP: 7/7
  3349 | D:5      | HP: 8/43 [hornet (3)]
  3354 | D:5      | HP: 2/43 [hornet (8)]
  3355 | D:5      | Slain by a hornet

Levels and vault maps discovered:
D:1:      onia_arrival_pyramid, layout_rooms, chequers_arboretum, st_stairs_9,
          minmay_hexomino_c4
D:2:      layout_loops_ring, minmay_misc_feat_chi, minivault_5
D:3:      layout_basic, general_overflow_altar, tso_metal_star,
          ebering_ghost_sewer_d, ebering_ecumenical_altar_webs, serial_shops,
          shop, shop, uniq_sigmund
D:4:      layout_basic, nicolae_uskayaw_murder_on_the_dancefloor
D:5:      layout_basic, mainiacjoe_overflow_24_doors, kennysheep_little_box,
          minmay_temple_entry_overgrown, biasface_ghost_orc_armoury,
          portal_sewer_entry_e, serial_shops, shop, guppyfry_early_orc_mine,
          uniq_ijyb, uniq_crazy_yiuf_cottage

Skill      XL: |  1  2  3  4  5  6 |
---------------+-------------------+-----
Axes           | 2 3 5 6 |  6.1
Fighting       | 4 |  4.0
Armour         | 4 |  4.2
Shields        | |  3.2

Action                     |  1- 3 |  4- 6 |  7- 9 || total
---------------------------+-------+-------+-------++-------
  Melee: War axe           |    93 |   149 |    10 ||   252
    Use: Scroll            |     3 |     3 |       ||     6
         Potion            |     1 |     3 |       ||     4
   Stab: Distracted        |     1 |       |       ||     1
 Armour: Scale mail        |    38 |     9 |       ||    47
         Chain mail        |       |    35 |       ||    35
         Plate armour      |       |    46 |     5 ||    51
  Dodge: Dodged            |    31 |    47 |     4 ||    82
  Block: Buckler           |    16 |    20 |     1 ||    37

Table legend:
 A = Non-vault XP
 B = Vault XP
 C = Vault XP percentage of total XP
 D = Non-vault monster count
 E = Vault monster count
 F = Vault count percentage of total count
                 A         B        C        D         E       F
            +---------+---------+-------+---------+---------+-------
      Total |     461 |     231 |  33.4 |      71 |       9 |  11.2
            +---------+---------+-------+---------+---------+-------
        D:1 |      27 |      17 |  38.6 |      16 |       8 |  33.3
        D:2 |      87 |       0 |   0.0 |      17 |       0 |   0.0
        D:3 |      53 |     214 |  80.1 |      18 |       1 |   5.3
        D:4 |     208 |       0 |   0.0 |      18 |       0 |   0.0
        D:5 |      86 |       0 |   0.0 |       2 |       0 |   0.0
            +---------+---------+-------+---------+---------+-------
